 Dungeon Crawl Stone Soup version 0.31.0-12-g77e489cdc1 (webtiles) character file.

Game seed: 3324342301751109201

384 Gadfly the Trooper (level 6, -2/38 HPs)
             Began as a Gargoyle Fighter on Mar 8, 2024.
             Slain by an ogre
             ... wielding a +0 giant spiked club
              (10 damage)
             ... on level 4 of the Dungeon.
             The game lasted 00:04:17 (2747 turns).

Gadfly the Trooper (Gargoyle Fighter)               Turns: 2747, Time: 00:04:17

Health: -2/38      AC: 14    Str: 19    XL:     6   Next: 77%
Magic:  8/8        EV:  9    Int:  9    God:
Gold:   168        SH:  4    Dex: 11    Spells: 5/5 levels left

rFire   . . .        a - +1 flail
rCold   . . .        c - +0 buckler
rNeg    + . .        j - +0 scale mail
rPois   ∞            (no helmet)
rElec   +            (no cloak)
rCorr   .            e - +1 pair of gloves
SInv    .            l - +0 pair of boots
Will    .....        h - amulet of faith Stlth
                     (no ring)
HPRegen 0.26/turn    (no ring)
MPRegen 0.11/turn

%: faith
@: weak-willed
A: sickness immunity, AC +4, negative energy resistance 1, electricity
resistance, torment resistance 1, petrification resistance
a: no special abilities


You were on level 4 of the Dungeon.
You visited 1 branch of the dungeon, and saw 4 of its levels.

You collected 168 gold pieces.

Inventory:

Hand Weapons
 a - a +1 flail (weapon)
 b - a +0 short sword of venom
Armour
 c - a +0 buckler (worn)
 e - a +1 pair of gloves (worn)
 j - a +0 scale mail (worn)
 l - a +0 pair of boots (worn)
Jewellery
 f - a ring of fire
 h - an amulet of faith (around neck)
Scrolls
 n - a scroll of teleportation
 o - a scroll of revelation
 s - a scroll of fear
Potions
 d - a potion of might
 i - a potion of cancellation
 m - a potion of haste


   Skills:
 + Level 4.1 Fighting
 * Level 3.7 Maces & Flails
 + Level 4.0 Armour
 + Level 4.0 Shields
 * Level 3.1 Invocations
 * Level 2.6 Evocations


You had 5 spell levels left.
You didn't know any spells.
Your spell library contained the following spells:

 Spells                   Type           Power      Damage    Failure   Level
 Ensorcelled Hibernation  Hex/Ice        0%         N/A       92%         2
 Fugue of the Fallen      Necr           0%         N/A       99%         3
 Summon Ice Beast         Ice/Summ       0%         N/A       99%         3
 Anguish                  Hex/Necr       0%         N/A       100%        4
 Summon Mana Viper        Hex/Summ       0%         N/A       100%        5
 Monstrous Menagerie      Summ           0%         N/A       100%        7


Dungeon Overview and Level Annotations

Branches:
Dungeon (4/15)
 Temple: D:4-7

Altars:
Trog


Innate Abilities, Weirdness & Mutations

You are immune to sickness and miasma.
Your stone body is resilient. (AC +4)
You are immune to poison.
You resist negative energy. (rN+)
You are resistant to electric shocks. (rElec)
You are resistant to unholy torment.
You are immune to petrification.


Message History

As you read the scroll labelled CAHEFO MATIOLI, it crumbles to dust.
It is a scroll of enchant armour.
Your +0 pair of gloves glows green for a moment.
As you read the scroll labelled ATHRUI LOB QUMN, it crumbles to dust.
You hear a loud clanging noise!
It was a scroll of noise.
You hear a shout!
You hear a bark!
You hear a shout!
You hear a bark!
You start waiting.
An ogre comes into view. It is wielding a +0 giant spiked club.
You drop a scroll of noise.
The ogre shouts!
An orc comes into view. It is wielding a +0 short sword.
You sock the ogre!
The ogre is moderately wounded.
The ogre barely misses you.
You hit the ogre.
The ogre is heavily wounded.
The orc sings a few bars from the Orcish anthem.
The ogre hits you with a +0 giant spiked club!!
Ouch! That really hurt!
* * * LOW HITPOINT WARNING * * *
You are too injured to fight recklessly!
You are too injured to fight recklessly!
You are too injured to fight recklessly!
You are too injured to fight recklessly!
You are too injured to fight recklessly!
You are too injured to fight recklessly!
You are too injured to fight recklessly!
You are too injured to fight recklessly!
You are too injured to fight recklessly!
You are too injured to fight recklessly!
You are too injured to fight recklessly!
You are too injured to fight recklessly!
You are too injured to fight recklessly!
You are too injured to fight recklessly!
You are too injured to fight recklessly!
You are too injured to fight recklessly!
The ogre attacks as it pursues you!
The ogre hits you with a +0 giant spiked club!
You die...

# # + # ###### #####
##..°.# ##...# #.@.°.#
#..... #O°°..# #...>.
#.....# #.....
######...## ##...#
...o....°.###+######...#
.........?†........#....
.....#.°..#........#....
.....#....#........#....
.... #....#######'##...#


You could see an ogre.

Vanquished Creatures
  2 black bears
  A hound (D:4)
  A sleepcap (D:4)
  A gnoll (D:2)
  5 adders
  4 dart slugs
  4 ribbon worms
  2 orcs
  6 endoplasms
  3 giant cockroaches
  9 hobgoblins
  3 jackals (D:3)
  5 kobolds
  4 quokkas
  7 ball pythons
  8 bats
  6 frilled lizards
  6 goblins
  5 rats
82 creatures vanquished.

Vanquished Creatures (others)
  An arcanist (D:3)
1 creature vanquished.

Grand Total: 83 creatures vanquished

Notes
Turn   | Place    | Note
-------+----------+-------------------------------------------
     0 | D:1      | Gadfly the Gargoyle Fighter began the quest for the Orb.
     0 | D:1      | Reached XP level 1. HP: 14/14 MP: 1/1
   167 | D:1      | Reached XP level 2. HP: 18/19 MP: 2/2
   384 | D:1      | Found a faded altar of an unknown god.
   433 | D:1      | Reached skill level 1 in Invocations
   734 | D:1      | Reached XP level 3. HP: 23/23 MP: 3/3
   757 | D:1      | Reached skill level 1 in Evocations
  1281 | D:2      | Reached XP level 4. HP: 22/28 MP: 5/5
  1601 | D:2      | Identified the +6 dagger of Mastery {drain, *Slow rCorr
                  | SInv}
  2041 | D:3      | Found a bloodstained altar of Trog.
  2054 | D:3      | Reached XP level 5. HP: 24/33 MP: 6/6
  2140 | D:3      | Noticed a black bear
  2164 | D:3      | Killed a black bear
  2271 | D:3      | Reached XP level 6. HP: 38/38 MP: 7/7
  2363 | D:3      | Noticed a wizard
  2369 | D:3      | Killed a wizard
  2610 | D:4      | Noticed a black bear
  2622 | D:4      | Killed a black bear
  2747 | D:4      | Slain by an ogre

Illustrated notes

Levels and vault maps discovered:
D:1:      eino_arrival_druids_welcome, layout_basic,
          chequers_ecumenical_altar_grove
D:2:      minmay_chambers_of_twos, layout_basic
D:3:      layout_rooms, trog_wizard
D:4:      layout_gridville, grunt_temple_overflow_open, uniq_ijyb

Skill      XL: |  1  2  3  4  5  6 |
---------------+-------------------+-----
Invocations    | 1 2 3 |  3.1
Evocations     | 1 2 |  2.6
Maces & Flails | 3 |  3.7
Fighting       | 4 |  4.1
Armour         | 4 |  4.0
Shields        | 4 |  4.0

Action                     |  1- 3 |  4- 6 || total
---------------------------+-------+-------++-------
  Melee: Flail             |   150 |   100 ||   250
         Short sword       |       |   111 ||   111
    Use: Scroll            |     3 |    10 ||    13
 Armour: Scale mail        |   173 |   165 ||   338
  Dodge: Dodged            |   113 |   111 ||   224
  Block: Buckler           |    46 |    52 ||    98
